[Event "Titled Tuesday Blitz December 13 Late 2022"]
[White "Thomforde-Toates, Noah"]
[Black "Kamsky, Gata"]
[WhiteFideId "30951992"]
[BlackFideId "2000024"]
[WhiteElo "2598"]
[BlackElo "2884"]
[Result "1/2-1/2"]
[Round "06"]
[TimeControl "180+1"]
[Date "2022.12.14"]
[WhiteClock "0:00:04"]
[BlackClock "0:00:16"]

1. d4 Nf6 2. Nc3 d5 3. Bf4 Bf5 4. f3 e6 5. g4 Bg6 6. h4 h6 7. h5 Bh7 8. e3 a6 9. Bd3 Bxd3 10. cxd3 c5 11. dxc5 Bxc5 12. d4 Bd6 13. Nge2 Nc6 14. Rc1 Qe7 15. a3 Rd8 16. Qd3 e5 17. dxe5 Bxe5 18. O-O d4 19. Ne4 Bxf4 20. exf4 O-O 21. N2g3 Nd5 22. Nf5 Qc7 23. Rxc6 bxc6 24. Qxd4 f6 25. Qc4 Kh7 26. Qc2 Kh8 27. Nh4 Nxf4 28. Ng3 Rfe8 29. Qf5 Kg8 30. Ne4 Rd5 31. Nxf6+ gxf6 32. Qxf6 Ne2+ 33. Kh1 Ng3+ 34. Kg1 Nxf1 35. Qg6+ Kf8 36. Qf6+ Kg8 37. Qg6+ Kf8 38. Qf6+ Kg8 1/2-1/2


[Site "https://www.chess.com"]

[Event "Titled Tuesday Blitz December 13 Late 2022"]
[White "Topalov, Aleksandar"]
[Black "Winterberg, Lukas"]
[WhiteFideId "925659"]
[BlackFideId "24622702"]
[WhiteElo "2151"]
[BlackElo "2350"]
[Result "1-0"]
[Round "06"]
[TimeControl "180+1"]
[Date "2022.12.14"]
[WhiteClock "0:00:30"]
[BlackClock "0:00:07"]

1. b3 e5 2. Bb2 Nc6 3. c4 f5 4. e3 Nf6 5. Nf3 d6 6. d4 e4 7. d5 exf3 8. dxc6 bxc6 9. Qxf3 Bd7 10. Bd3 g6 11. e4 Bg7 12. exf5 O-O 13. O-O gxf5 14. Nc3 Qe8 15. Rfe1 Qg6 16. Ne2 Rae8 17. Nf4 Qh6 18. h3 Ne4 19. Bxg7 Qxg7 20. Rac1 Kh8 21. Bxe4 fxe4 22. Rxe4 Rxe4 23. Qxe4 Re8 24. Qf3 Qb2 25. Qc3+ Qxc3 26. Rxc3 Bf5 27. Kf1 a5 28. a3 Kg7 29. f3 Kf6 30. Kf2 Rb8 31. g4 Bd7 32. h4 h6 33. Re3 Rb7 34. Kg3 Rb8 35. Nh5+ Kf7 36. g5 hxg5 37. hxg5 c5 38. Nf6 Be6 39. Nd5 Bxd5 40. cxd5 a4 41. bxa4 Ra8 42. Kg4 Rxa4+ 43. Kf5 Rd4 44. g6+ Kf8 45. Kf6 Rf4+ 46. Kg5 Rd4 47. f4 Rxd5+ 48. Kf6 c4 49. g7+ Kg8 50. Re8+ Kh7 51. Rh8# 1-0


[Site "https://www.chess.com"]

[Event "Titled Tuesday Blitz December 13 Late 2022"]
[White "Torres Boch, Jose Francisco"]
[Black "Blanco Acevedo, Cristobal Jose"]
[WhiteFideId "2278383"]
[BlackFideId "3900525"]
[WhiteElo "2073"]
[BlackElo "2273"]
[Result "0-1"]
[Round "06"]
[TimeControl "180+1"]
[Date "2022.12.14"]
[WhiteClock "0:01:22"]
[BlackClock "0:00:37"]

1. e4 c5 2. Nf3 Nc6 3. d4 cxd4 4. Nxd4 Nf6 5. Nc3 e5 6. Ndb5 d6 7. Bg5 a6 8. Na3 b5 9. Bxf6 gxf6 10. Nd5 f5 11. Bd3 Be6 12. c3 Bg7 13. Nxb5 axb5 14. Bxb5 Bd7 15. exf5 h5 16. O-O Rc8 17. Qf3 f6 18. Qg3 Kf8 19. Qf3 Nd4 20. cxd4 Bxb5 21. Rfd1 Bc6 22. dxe5 fxe5 23. f6 Bh6 24. Qf5 Bd7 25. Qxh5 Qe8 26. Qf3 e4 27. Qg3 Qe5 28. Nf4 Qxf4 29. Rxd6 Qxg3 30. hxg3 Be8 31. Re1 Rc1 32. Rxc1 Bxc1 33. b4 Rh5 34. Rd4 e3 35. Kf1 Bb5+ 36. Ke1 Bd2+ 0-1


[Site "https://www.chess.com"]

[Event "Titled Tuesday Blitz December 13 Late 2022"]
[White "Torres Dominguez, David"]
[Black "Herman, Daniel"]
[WhiteFideId "2220857"]
[BlackFideId "30935008"]
[WhiteElo "2037"]
[BlackElo "1897"]
[Result "1-0"]
[Round "06"]
[TimeControl "180+1"]
[Date "2022.12.14"]
[WhiteClock "0:00:37"]
[BlackClock "0:00:14"]

1. e4 e5 2. Bc4 Nf6 3. Nc3 Nxe4 4. Qh5 Nd6 5. Qxe5+ Qe7 6. Qxe7+ Bxe7 7. Be2 c6 8. Nf3 Nf5 9. O-O d5 10. Re1 O-O 11. d3 Nd7 12. Bf4 Nf6 13. h3 h6 14. g4 Nd6 15. Bf1 Be6 16. Nd4 Rae8 17. Nxe6 fxe6 18. Rxe6 Nfe4 19. dxe4 Rxf4 20. exd5 Bf8 21. Rxe8 Nxe8 22. Re1 Nf6 23. dxc6 bxc6 24. Bg2 Bb4 25. Bxc6 Bxc3 26. bxc3 Rc4 27. Re8+ Kf7 28. Rc8 Ke7 29. Bd7 Re4 30. Bf5 Ra4 31. Rc7+ Kf8 32. Be6 g5 33. Rf7+ Ke8 34. Rxf6 Ke7 35. Rxh6 Ra3 36. Bb3 a5 37. Rh7+ Kf6 38. Ra7 Ke5 39. Kg2 Kf4 40. f3 Ke3 41. Kg3 Kd2 42. h4 gxh4+ 43. Kxh4 Kxc3 44. g5 Kb4 45. g6 a4 46. Rxa4+ Rxa4 47. Bxa4 Kxa4 48. g7 Ka3 49. g8=Q 1-0


[Site "https://www.chess.com"]

[Event "Titled Tuesday Blitz December 13 Late 2022"]
[White "Urazayev, Arystanbek"]
[Black "Janaszak, Dawid"]
[WhiteFideId "13709810"]
[BlackFideId "1119206"]
[WhiteElo "2753"]
[BlackElo "2535"]
[Result "1/2-1/2"]
[Round "06"]
[TimeControl "180+1"]
[Date "2022.12.14"]
[WhiteClock "0:00:05"]
[BlackClock "0:00:07"]

1. e4 e5 2. Nf3 Nc6 3. Nc3 Nf6 4. d4 exd4 5. Nxd4 Bb4 6. Nxc6 bxc6 7. Bd3 d5 8. Bd2 O-O 9. O-O Bg4 10. Qc1 Re8 11. Re1 Rb8 12. a3 Bf8 13. b4 a5 14. exd5 axb4 15. axb4 cxd5 16. Nb5 Ne4 17. Nd4 Nxd2 18. Qxd2 Bxb4 19. c3 Bd6 20. Nc6 Bxh2+ 21. Kf1 Qh4 22. Nxb8 Rxb8 23. Qb2 Rf8 24. Be2 Be6 25. Bf3 c6 26. Qb4 Qxb4 27. cxb4 Bd6 28. b5 cxb5 29. Ra6 Bb4 30. Rb1 Bc3 31. Rxb5 d4 32. Be2 h6 33. Bd3 Rc8 34. f4 Bc4 35. Bxc4 Rxc4 36. f5 d3 37. Rd5 d2 38. Ra8+ Kh7 39. Rad8 Re4 40. Kf2 h5 41. Kf3 Re1 42. R8d7 f6 43. Rd8 Kh6 44. R8d7 h4 45. Kg4 Re4+ 46. Kh3 Re3+ 47. Kxh4 Re1 48. R7d6 Kh7 49. g4 Rh1+ 50. Kg3 Be5+ 51. Rxe5 fxe5 52. Rxd2 Re1 53. Rd6 e4 54. g5 Re3+ 55. Kf4 Re1 56. g6+ Kh6 57. Rd8 Rf1+ 58. Ke5 Kg5 59. Kxe4 Rxf5 60. Rd1 Rf4+ 61. Ke5 Rf5+ 62. Ke6 Rf6+ 63. Ke7 Kxg6 64. Rg1+ Kh7 65. Rh1+ Rh6 66. Rg1 Rg6 67. Rh1+ Rh6 68. Rg1 Rh2 69. Kf7 Kh6 70. Rg6+ Kh5 71. Kxg7 Rh4 72. Kh7 Rg4 73. Ra6 Kg5 74. Ra5+ 1/2-1/2


[Site "https://www.chess.com"]

[Event "Titled Tuesday Blitz December 13 Late 2022"]
[White "Vargas, Mauricio"]
[Black "Prieto Aranguren, Alain"]
[WhiteFideId "4404572"]
[BlackFideId "2268906"]
[WhiteElo "2025"]
[BlackElo "2209"]
[Result "0-1"]
[Round "06"]
[TimeControl "180+1"]
[Date "2022.12.14"]
[WhiteClock "0:00:15"]
[BlackClock "0:02:33"]

1. e4 c6 2. d4 d5 3. e5 c5 4. c3 Nc6 5. f4 Bf5 6. Nf3 e6 7. Be3 Nh6 8. h3 Qb6 9. g4 Qxb2 10. gxf5 Qxa1 11. Qb3 O-O-O 12. Bc1 Nxf5 13. Bb2 Qxb1+ 14. Kf2 c4 15. Qa3 Bxa3 16. Bxa3 Qxa2+ 0-1


[Site "https://www.chess.com"]

[Event "Titled Tuesday Blitz December 13 Late 2022"]
[White "Vedder, Richard"]
[Black "Sivakumar, Shaaketh"]
[WhiteFideId "1004166"]
[BlackFideId "30940176"]
[WhiteElo "2168"]
[BlackElo "2174"]
[Result "1/2-1/2"]
[Round "06"]
[TimeControl "180+1"]
[Date "2022.12.14"]
[WhiteClock "0:02:01"]
[BlackClock "0:02:28"]

1. d4 b6 2. c4 e6 3. Nc3 Bb7 4. e4 Bb4 5. f3 f5 6. Bd3 Qh4+ 7. g3 Qh5 8. d5 fxe4 9. fxe4 Qxd1+ 10. Kxd1 Nf6 11. Nge2 Na6 12. a3 Nc5 13. Bc2 Bxc3 14. Nxc3 O-O 15. b4 Na6 16. Bf4 Ng4 17. Ke2 e5 18. Be3 Nb8 19. Nb5 Na6 1/2-1/2


[Site "https://www.chess.com"]

[Event "Titled Tuesday Blitz December 13 Late 2022"]
[White "Vlassov, Nikolai"]
[Black "Thiel, Thomas"]
[WhiteFideId "4103360"]
[BlackFideId "4615964"]
[WhiteElo "2324"]
[BlackElo "2226"]
[Result "1-0"]
[Round "06"]
[TimeControl "180+1"]
[Date "2022.12.14"]
[WhiteClock "0:02:13"]
[BlackClock "0:01:07"]

1. e4 d5 2. exd5 Nf6 3. d4 Nxd5 4. Nf3 g6 5. c4 Nb6 6. Nc3 Bg7 7. Be3 O-O 8. Be2 Bg4 9. Qb3 a5 10. c5 a4 11. Qb5 Bd7 12. Qb4 Nc8 13. Qxb7 Bc6 14. Qb4 Na6 15. Qc4 e6 16. O-O Bd5 17. Nxd5 exd5 18. Qxa4 1-0


[Site "https://www.chess.com"]

[Event "Titled Tuesday Blitz December 13 Late 2022"]
[White "Walentukiewicz, Michal"]
[Black "Yuan, Qingyu"]
[WhiteFideId "1126903"]
[BlackFideId "8609772"]
[WhiteElo "2537"]
[BlackElo "2767"]
[Result "0-1"]
[Round "06"]
[TimeControl "180+1"]
[Date "2022.12.14"]
[WhiteClock "0:00:12"]
[BlackClock "0:00:36"]

1. Nf3 d5 2. c4 e6 3. cxd5 exd5 4. g3 Nf6 5. Bg2 Be7 6. O-O O-O 7. d3 c6 8. Nc3 Be6 9. e4 h6 10. e5 Nfd7 11. d4 c5 12. Be3 Nc6 13. Re1 Rc8 14. Rc1 c4 15. Nd2 Qa5 16. f4 Nb4 17. Qf3 f5 18. a3 Nd3 19. Nxd5 Bd8 20. Nc3 Nxb2 21. d5 Bf7 22. e6 Nd3 23. exf7+ Rxf7 24. Bd4 Bf6 25. Bxf6 Nxe1 26. Rxe1 Nxf6 27. a4 a6 28. d6 b5 29. axb5 axb5 30. Rc1 Rd7 31. Nf1 Rxd6 32. Qb7 Rc5 33. Qb8+ Rd8 34. Qd6 Rxd6 0-1


[Site "https://www.chess.com"]

[Event "Titled Tuesday Blitz December 13 Late 2022"]
[White "Winkels, Marcel"]
[Black "Rodriguez Santiago, Jaime"]
[WhiteFideId "1003887"]
[BlackFideId "3100898"]
[WhiteElo "1900"]
[BlackElo "2025"]
[Result "0-1"]
[Round "06"]
[TimeControl "180+1"]
[Date "2022.12.14"]
[WhiteClock "0:00:19"]
[BlackClock "0:00:13"]

1. e4 c6 2. d4 d5 3. exd5 cxd5 4. Nf3 Nc6 5. Bb5 Bg4 6. Bxc6+ bxc6 7. O-O Nf6 8. Nbd2 e6 9. h3 Bh5 10. Qe1 Bd6 11. Ne5 Qc7 12. Ndf3 O-O 13. Bg5 Ne4 14. Be3 f6 15. Ng4 Rae8 16. Nd2 Nxd2 17. Bxd2 Bxg4 18. hxg4 Bh2+ 19. Kh1 Bf4 20. c3 Bxd2 21. Qxd2 e5 22. Rae1 e4 23. f3 exf3 24. gxf3 Qg3 25. Re3 Rxe3 26. Qxe3 Qh3+ 27. Kg1 Qg3+ 28. Kh1 f5 29. Qe6+ Kh8 30. Qe7 Rg8 31. Qe5 Qh3+ 32. Kg1 fxg4 33. Qh2 Qxh2+ 34. Kxh2 Rf8 35. f4 h5 36. Kg3 g5 37. f5 Kg7 38. b3 Re8 39. c4 Re3+ 40. Kf2 Rf3+ 41. Ke2 Rxf1 42. Kxf1 Kf6 43. cxd5 cxd5 44. b4 Kxf5 45. a4 Ke6 46. Ke2 Kd6 47. Ke3 h4 48. Ke2 Kc6 49. Kf2 g3+ 50. Kg2 g4 51. Kg1 h3 52. Kh1 Kb6 53. Kg1 a6 54. Kh1 Kc6 55. Kg1 Kd6 56. Kh1 Ke6 57. Kg1 Kf5 58. b5 axb5 59. a5 b4 60. a6 b3 61. a7 b2 0-1


[Site "https://www.chess.com"]

[Event "Titled Tuesday Blitz December 13 Late 2022"]
[White "Young, Ryan"]
[Black "Pein, Jonathan"]
[WhiteFideId "2049945"]
[BlackFideId "417092"]
[WhiteElo "2312"]
[BlackElo "2225"]
[Result "0-1"]
[Round "06"]
[TimeControl "180+1"]
[Date "2022.12.14"]
[WhiteClock "0:00:03"]
[BlackClock "0:00:14"]

1. d4 e6 2. c4 Bb4+ 3. Nd2 f5 4. g3 Nf6 5. Bg2 O-O 6. Nf3 b6 7. Ne5 c6 8. O-O Bb7 9. a3 Bxd2 10. Bxd2 d5 11. cxd5 exd5 12. Rc1 Re8 13. Bg5 h6 14. Bxf6 Qxf6 15. e3 Qd6 16. Qb3 Nd7 17. Nxd7 Qxd7 18. Rc2 Ba6 19. Rfc1 Rac8 20. Rxc6 Bc4 21. R6xc4 dxc4 22. Rxc4 Qf7 23. d5 Rxc4 24. Qxc4 Rd8 25. Qd4 Qf6 26. Qb4 Qd6 27. Qa4 a5 28. h4 g6 29. Qd4 Kf7 30. Kh2 Qf6 31. Qd2 g5 32. h5 g4 33. Qc2 Rd7 34. Qc8 Qd8 35. Qc6 Rd6 36. Qb7+ Kg8 37. Kg1 Qd7 38. Qa8+ Kg7 39. Qb8 Qd8 40. Qb7+ Qd7 41. Qb8 Rf6 42. Qa8 Qf7 43. Qd8 Qxh5 44. d6 Qf7 45. Bc6 Qc4 46. Bg2 Qc1+ 47. Kh2 Qc5 48. Qc7+ Rf7 49. Qxc5 bxc5 50. Bc6 Kf6 51. Be8 Ra7 52. d7 Ke7 53. Kg2 Rb7 54. Bg6 Rxb2 55. Bxf5 c4 56. Kf1 c3 57. Ke1 h5 58. Bg6 Ra2 59. Bxh5 Rxa3 60. Bxg4 Ra2 61. f4 a4 62. Bf5 Rg2 63. g4 a3 64. Bb1 Rg1+ 65. Ke2 Rxb1 66. Kd3 a2 67. Kxc3 a1=Q+ 0-1


[Site "https://www.chess.com"]

[Event "Titled Tuesday Blitz December 13 Late 2022"]
[White "Zhu, Jiner"]
[Black "Arnold, Ken"]
[WhiteFideId "8608059"]
[BlackFideId "2056836"]
[WhiteElo "2384"]
[BlackElo "2366"]
[Result "1-0"]
[Round "06"]
[TimeControl "180+1"]
[Date "2022.12.14"]
[WhiteClock "0:02:04"]
[BlackClock "0:00:55"]

1. g3 c6 2. Bg2 d5 3. f4 Nf6 4. Nf3 h5 5. d3 Bg4 6. O-O Nbd7 7. h3 Bxf3 8. Bxf3 h4 9. g4 e5 10. e4 Bc5+ 11. Kh1 dxe4 12. dxe4 exf4 13. Bxf4 Nb6 14. Qe2 Qe7 15. Nc3 O-O-O 16. a4 Bd4 17. g5 Nfd7 18. a5 Na8 19. a6 b6 20. Bg4 Be5 21. Bxe5 Qxe5 22. Rxf7 Nc7 23. Qc4 Qc5 24. Qxc5 bxc5 25. Rd1 1-0


[Site "https://www.chess.com"]

[Event "Titled Tuesday Blitz December 13 Late 2022"]
[White "Al-Tarboush, Ward"]
[Black "Kanyamarala, Tarun"]
[WhiteFideId "7601450"]
[BlackFideId "45004714"]
[WhiteElo "2263"]
[BlackElo "2305"]
[Result "1-0"]
[Round "07"]
[TimeControl "180+1"]
[Date "2022.12.14"]
[WhiteClock "0:01:26"]
[BlackClock "0:01:45"]

1. e4 c5 2. Nf3 Nf6 3. e5 Nd5 4. Nc3 Nxc3 5. dxc3 Nc6 6. Bc4 e6 7. O-O Be7 8. Be3 O-O 9. Qd3 h6 10. Qe4 d5 11. exd6 Bxd6 12. Rad1 Qe7 13. Qg4 f5 14. Qh5 Bd7 15. Bg5 hxg5 16. Nxg5 g6 17. Qxg6+ Kh8 18. Rd3 1-0


[Site "https://www.chess.com"]

[Event "Titled Tuesday Blitz December 13 Late 2022"]
[White "Andrews, Todd"]
[Black "Pham, Khoi"]
[WhiteFideId "2012456"]
[BlackFideId "1054988"]
[WhiteElo "2372"]
[BlackElo "2525"]
[Result "1-0"]
[Round "07"]
[TimeControl "180+1"]
[Date "2022.12.14"]
[WhiteClock "0:00:45"]
[BlackClock "0:01:00"]

1. e4 c6 2. d4 d5 3. Nc3 dxe4 4. Nxe4 Nf6 5. Nxf6+ exf6 6. c3 Bd6 7. Bd3 O-O 8. Qc2 g6 9. Ne2 Re8 10. Be3 Nd7 11. h4 Nf8 12. h5 g5 13. O-O-O h6 14. Kb1 b5 15. Ka1 Be6 16. Be4 Qa5 17. d5 cxd5 18. Bxd5 Bxd5 19. Rxd5 Be5 20. Rhd1 Rac8 21. Nd4 a6 22. Nf5 Rxc3 23. Nxh6+ Kg7 24. Nf5+ Kh8 25. bxc3 Bxc3+ 26. Kb1 Qb4+ 27. Qb3 Qe4+ 28. R1d3 b4 29. Nd6 Qxg2 30. Nxe8 Qf1+ 31. Rd1 Qe2 32. Qc2 Qc4 33. Rc5 Qe6 34. Nc7 Qg4 35. Rxc3 bxc3 36. Nd5 1-0


[Site "https://www.chess.com"]

[Event "Titled Tuesday Blitz December 13 Late 2022"]
[White "Annaberdiyev, Babageldi"]
[Black "Yoo, Christopher Woojin"]
[WhiteFideId "14000385"]
[BlackFideId "30909694"]
[WhiteElo "2332"]
[BlackElo "2463"]
[Result "1-0"]
[Round "07"]
[TimeControl "180+1"]
[Date "2022.12.13"]
[WhiteClock "0:00:56"]
[BlackClock "0:00:03"]

1. e4 c5 2. Nf3 e6 3. d3 Nc6 4. Nbd2 d5 5. g3 Bd6 6. Bg2 Nge7 7. O-O O-O 8. Re1 Qc7 9. exd5 exd5 10. c4 Nb4 11. Nf1 dxc4 12. dxc4 Rd8 13. Qb3 Bf5 14. Ne3 Nd3 15. Rd1 Nxc1 16. Raxc1 Be4 17. Ng5 Bxg2 18. Kxg2 Be5 19. Nd5 Nxd5 20. cxd5 b6 21. f4 Bd6 22. Qd3 g6 23. Ne4 f5 24. Ng5 Re8 25. Ne6 Qf7 26. h4 h5 27. Re1 Qf6 28. Re2 Re7 29. Rce1 a6 30. a4 Raa7 31. b3 Kh8 32. Kh3 Kg8 33. Ng5 Qd4 34. Qxd4 cxd4 35. Re6 Kg7 36. Rd1 Bc5 37. b4 Bxb4 38. Rxb6 Bc3 39. Ne6+ Kf7 40. Nxd4 Rad7 41. Ne6 a5 42. Ng5+ Kg7 43. Re6 Rxe6 44. Nxe6+ Kf6 45. Nc5 Rd6 46. Kg2 Bb4 47. Ne6 Rd7 48. Kf3 Rb7 49. Rc1 Bd6 50. Rc6 Rb3+ 51. Kg2 Rb2+ 52. Kh3 Ke7 53. Nf8 Kxf8 54. Rxd6 Rb4 55. Rxg6 Kf7 56. Rg5 Kf6 57. Rxh5 Rxa4 58. Rh6+ Kf7 59. Ra6 Ra2 60. h5 a4 61. Kh4 a3 62. Kg5 1-0


[Site "https://www.chess.com"]

[Event "Titled Tuesday Blitz December 13 Late 2022"]
[White "Ansh M Shah"]
[Black "Averjanov, Alexey"]
[WhiteFideId "25033379"]
[BlackFideId "14109867"]
[WhiteElo "2084"]
[BlackElo "2622"]
[Result "0-1"]
[Round "07"]
[TimeControl "180+1"]
[Date "2022.12.14"]
[WhiteClock "0:01:40"]
[BlackClock "0:01:46"]

1. d4 d5 2. c4 dxc4 3. e3 Nf6 4. Bxc4 e6 5. Nf3 a6 6. a4 c5 7. O-O Nc6 8. dxc5 Bxc5 9. b3 O-O 10. Bb2 b6 11. Qe2 Bb7 12. Rd1 Qe7 13. Nbd2 Rfd8 14. Rac1 h6 15. h3 Rd7 16. Nb1 Rxd1+ 17. Rxd1 Na5 18. Bd4 Nxc4 19. Qxc4 Rc8 20. Bxc5 Rxc5 21. Qb4 Bxf3 22. gxf3 Rg5+ 23. Qg4 e5 24. Nc3 Nxg4 25. fxg4 Qb4 26. Rd8+ Kh7 27. Nd5 Qxb3 28. e4 Qxa4 29. f3 Qd1+ 30. Kg2 Qe2+ 31. Kg3 h5 32. h4 Qe1+ 33. Kh3 hxg4+ 34. fxg4 Qh1+ 35. Kg3 Qg1+ 36. Kh3 Qxg4+ 0-1


[Site "https://www.chess.com"]

[Event "Titled Tuesday Blitz December 13 Late 2022"]
[White "Antonova, Nadezhda"]
[Black "Bogaudinov, Rushan"]
[WhiteFideId "14700182"]
[BlackFideId "4129288"]
[WhiteElo "1814"]
[BlackElo "2028"]
[Result "0-1"]
[Round "07"]
[TimeControl "180+1"]
[Date "2022.12.14"]
[WhiteClock "0:00:19"]
[BlackClock "0:00:43"]

1. Nf3 a6 2. b3 b5 3. g3 Bb7 4. Bg2 e5 5. d3 Nf6 6. Bb2 d6 7. O-O Be7 8. c4 O-O 9. Nbd2 c5 10. e3 Ne8 11. Re1 Nc6 12. a3 b4 13. a4 g6 14. d4 Qc7 15. Qc2 Ng7 16. d5 Nd8 17. e4 f5 18. Re2 f4 19. gxf4 Rxf4 20. Nf1 Nf7 21. Bc1 g5 22. Bxf4 exf4 23. N3d2 Bf6 24. Rae1 Re8 25. f3 h5 26. Kh1 Bc8 27. h3 Ne5 28. Nh2 Bd7 29. Rg1 Kh7 30. Rf2 Qc8 31. Qd1 Ng6 32. Qf1 Nh4 33. Re2 Be5 34. Qf2 Kh6 35. Bf1 Bd4 36. Qe1 Bxh3 37. Bxh3 Qxh3 38. Reg2 Nxg2 39. Rxg2 Re5 40. Qf1 Ne8 41. Qd3 Nf6 42. Nf1 g4 43. fxg4 Qxd3 44. g5+ Rxg5 0-1


[Site "https://www.chess.com"]

[Event "Titled Tuesday Blitz December 13 Late 2022"]
[White "Arbunic Castro, Giovanna"]
[Black "Steenbekkers, Franck"]
[WhiteFideId "3400549"]
[BlackFideId "1004220"]
[WhiteElo "1948"]
[BlackElo "1930"]
[Result "0-1"]
[Round "07"]
[TimeControl "180+1"]
[Date "2022.12.14"]
[WhiteClock "0:00:31"]
[BlackClock "0:01:20"]

1. e4 e6 2. d4 d5 3. exd5 exd5 4. Nf3 Bd6 5. c4 c6 6. Nc3 Ne7 7. Bd3 Bg4 8. O-O Nd7 9. h3 Bh5 10. Re1 O-O 11. g4 Bg6 12. Ne5 Bxe5 13. dxe5 f5 14. cxd5 cxd5 15. Qb3 fxg4 16. Bxg6 Nxg6 17. Nxd5 Kh8 18. e6 Nc5 19. Qc4 Qh4 20. Qxg4 Qxf2+ 21. Kh1 Qxe1+ 22. Qg1 Rf1 23. Be3 Rxg1+ 24. Bxg1 Qxa1 0-1


[Site "https://www.chess.com"]

[Event "Titled Tuesday Blitz December 13 Late 2022"]
[White "Arkell, Keith C"]
[Black "Suarez Uriel, Adrian"]
[WhiteFideId "400270"]
[BlackFideId "22230874"]
[WhiteElo "2356"]
[BlackElo "2331"]
[Result "0-1"]
[Round "07"]
[TimeControl "180+1"]
[Date "2022.12.14"]
[WhiteClock "0:00:37"]
[BlackClock "0:00:11"]

1. d4 Nf6 2. Nf3 g6 3. c4 Bg7 4. Nc3 d5 5. cxd5 Nxd5 6. g3 c5 7. Bg2 Nc6 8. O-O Nxc3 9. bxc3 cxd4 10. cxd4 Nxd4 11. Nxd4 Qxd4 12. Rb1 O-O 13. Ba3 Be6 14. Rxb7 Rab8 15. Bxe7 Rfe8 16. Rxb8 Rxb8 17. Qxd4 Bxd4 18. e3 Bg7 19. a3 h5 20. h4 Rb3 21. Bb4 Bc3 22. Bxc3 Rxc3 23. a4 a5 24. Ra1 Rc4 25. Bf1 Rb4 26. Bb5 Kf8 27. f3 Rb2 28. Re1 Ke7 29. Re2 Rxe2 30. Bxe2 Kd6 31. Kf2 Bd7 32. Bd1 Kc5 33. e4 Kb4 34. f4 Bxa4 35. Bxa4 Kxa4 36. f5 Kb4 37. g4 a4 38. e5 Kc5 39. e6 Kd6 40. exf7 Ke7 41. fxg6 a3 42. gxh5 a2 43. h6 a1=Q 44. g7 Kxf7 0-1


[Site "https://www.chess.com"]

[Event "Titled Tuesday Blitz December 13 Late 2022"]
[White "Arnold, Ken"]
[Black "Kovacevic, Radmila"]
[WhiteFideId "2056836"]
[BlackFideId "933171"]
[WhiteElo "2363"]
[BlackElo "2244"]
[Result "0-1"]
[Round "07"]
[TimeControl "180+1"]
[Date "2022.12.14"]
[WhiteClock "0:00:17"]
[BlackClock "0:00:15"]

1. d4 e5 2. dxe5 Nc6 3. Nf3 Qe7 4. Nc3 Nxe5 5. e3 c6 6. Be2 d5 7. O-O Bf5 8. b3 O-O-O 9. a4 Nxf3+ 10. Bxf3 Qf6 11. Bb2 Qg6 12. Qd4 Bd6 13. a5 Kb8 14. b4 Ne7 15. Na4 Bxc2 16. Nc5 Nf5 17. Qc3 Nh4 18. Kh1 Nxf3 19. gxf3 Qh5 20. f4 Qf3+ 21. Kg1 g5 22. Nd7+ Kc8 23. Ne5 Bxe5 24. Qxe5 gxf4 25. Qxh8 Rxh8 26. Bxh8 Be4 0-1


[Site "https://www.chess.com"]

[Event "Titled Tuesday Blitz December 13 Late 2022"]
[White "Bettalli, Francesco"]
[Black "Goroshkov, Maksym"]
[WhiteFideId "2816453"]
[BlackFideId "14142716"]
[WhiteElo "2216"]
[BlackElo "2258"]
[Result "0-1"]
[Round "07"]
[TimeControl "180+1"]
[Date "2022.12.14"]
[WhiteClock "0:00:10"]
[BlackClock "0:00:32"]

1. d4 Nf6 2. Nc3 d5 3. Bg5 c6 4. Bxf6 exf6 5. e4 dxe4 6. Nxe4 Be7 7. Nf3 O-O 8. Bd3 f5 9. Ng3 g6 10. O-O Bf6 11. c3 Be6 12. Re1 Nd7 13. Qe2 Nb6 14. a4 Re8 15. Qf1 Nd5 16. Ne5 Nf4 17. Bc4 Bd5 18. Bxd5 Qxd5 19. Nd3 Nxd3 20. Qxd3 c5 21. Rxe8+ Rxe8 22. Qb5 Rc8 23. dxc5 Rxc5 24. Qe8+ Kg7 25. Re1 Qd2 26. Qe2 Rd5 27. Kf1 Qh6 28. h3 Rd2 29. Qb5 Qf4 30. Ne2 Qc7 31. a5 a6 32. Qb4 Qd7 33. Nf4 Rd1 34. c4 Rd4 35. g3 Qc6 36. b3 Qh1+ 37. Ke2 Re4+ 38. Kd1 Qf3+ 39. Re2 Bc3 40. Qd6 Rd4+ 41. Qxd4+ Bxd4 42. Kd2 Qc3+ 0-1


[Site "https://www.chess.com"]

[Event "Titled Tuesday Blitz December 13 Late 2022"]
[White "Bortnyk, Olexandr"]
[Black "Svane, Rasmus"]
[WhiteFideId "14120828"]
[BlackFideId "4657101"]
[WhiteElo "2723"]
[BlackElo "2674"]
[Result "1-0"]
[Round "07"]
[TimeControl "180+1"]
[Date "2022.12.13"]
[WhiteClock "0:00:03"]
[BlackClock "0:00:01"]

1. e4 c6 2. d4 d5 3. Nc3 dxe4 4. Nxe4 Nf6 5. Nxf6+ exf6 6. c3 Bd6 7. Bd3 O-O 8. Qc2 h6 9. Ne2 Re8 10. O-O Nd7 11. Ng3 Nf8 12. Bd2 Bd7 13. Ne4 Be7 14. Rfe1 Qc7 15. Ng3 Bd6 16. a3 Ne6 17. Bh7+ Kh8 18. Bf5 Bxg3 19. hxg3 Nf8 20. Bd3 Be6 21. c4 Qd7 22. Be3 Rad8 23. Rad1 Qc8 24. b4 a6 25. a4 Ng6 26. b5 cxb5 27. axb5 axb5 28. d5 Bd7 29. c5 Ne5 30. Be2 Bf5 31. Qb3 Qd7 32. Bxb5 Qc8 33. Bxe8 Rxe8 34. Bd4 Kh7 35. f3 Rd8 36. g4 Bg6 37. d6 Nc6 38. Bf2 Rd7 39. Ra1 Ne5 40. Qd5 Nd3 41. Red1 Nf4 42. Qc4 Ne6 43. Qb5 Nd8 44. Ra8 Qxa8 45. Qxd7 Nc6 46. Re1 Qa6 47. Qc7 Ne5 48. d7 Nxd7 49. Qxd7 Qa5 50. Qxb7 1-0


[Site "https://www.chess.com"]

[Event "Titled Tuesday Blitz December 13 Late 2022"]
[White "Bryant, Todd"]
[Black "Zhu, Jiner"]
[WhiteFideId "2031299"]
[BlackFideId "8608059"]
[WhiteElo "2328"]
[BlackElo "2384"]
[Result "1-0"]
[Round "07"]
[TimeControl "180+1"]
[Date "2022.12.14"]
[WhiteClock "0:01:00"]
[BlackClock "0:01:59"]

1. e4 g6 2. d4 Bg7 3. Nc3 d6 4. Be3 a6 5. Bd3 b5 6. Nf3 Bb7 7. h4 h5 8. e5 e6 9. Ne4 Nd7 10. exd6 Ngf6 11. Bg5 O-O 12. dxc7 Qxc7 13. Qe2 Rac8 14. O-O Nxe4 15. Bxe4 Bxe4 16. Qxe4 Qxc2 17. Qb7 Nb8 18. Rac1 1-0


[Site "https://www.chess.com"]

[Event "Titled Tuesday Blitz December 13 Late 2022"]
[White "Buchenau, Frank"]
[Black "O`Gorman, Tom"]
[WhiteFideId "4604350"]
[BlackFideId "2508249"]
[WhiteElo "2157"]
[BlackElo "2271"]
[Result "0-1"]
[Round "07"]
[TimeControl "180+1"]
[Date "2022.12.14"]
[WhiteClock "0:00:01"]
[BlackClock "0:01:00"]

1. e4 c5 2. Nf3 d6 3. Bb5+ Bd7 4. Bxd7+ Nxd7 5. O-O Ngf6 6. Qe2 Rc8 7. c4 g6 8. Nc3 Bg7 9. d4 cxd4 10. Nxd4 O-O 11. b3 e6 12. Bb2 d5 13. e5 Nxe5 14. Qxe5 Ne4 15. Qxg7+ Kxg7 16. Nxe4 e5 17. cxd5 exd4 18. Bxd4+ f6 19. Rad1 Rc2 20. Nc5 Kg8 21. Ne6 Qxd5 22. Nxf8 Kxf8 23. Rfe1 Qf7 24. Bxa7 g5 25. h3 Kg7 26. Bb6 Rxa2 27. Rc1 Qxb3 28. Bd4 Kg6 29. Rb1 Qd5 30. Red1 Qe4 31. Rb6 Ra6 32. Rb3 Rd6 33. Re3 Qc2 34. Red3 b5 35. Kh2 b4 36. R3d2 Qc7 37. Kg1 Qd7 38. Be3 Rxd2 39. Rxd2 Qe6 40. Rb2 b3 0-1


[Site "https://www.chess.com"]